 Dungeon Crawl Stone Soup version 0.25-a0-661-g55ea3d2053 (webtiles) character file.

Game seed: 3923138942755816292, levelgen mode: deterministic

1464 Conn the Sneak (level 8, -3/52 HPs)
             Began as an Octopode Wizard on Mar 23, 2020.
             Was a Follower of Sif Muna.
             Hit by a stone thrown by a gnoll (4 damage)
             ... on level 5 of the Dungeon.
             The game lasted 00:33:59 (5881 turns).

Conn the Sneak (Octopode Wizard)                    Turns: 5881, Time: 00:34:00

Health: -3/52      AC:  1    Str:  8    XL:     8   Next: 77%
Magic:  0/16       EV: 13    Int: 20    God:    Sif Muna [*.....]
Gold:   127        SH:  4    Dex: 11    Spells: 7/18 levels left

rFire    . . .     SeeInvis .   g - +3 dagger
rCold    . . .     Gourm    .   r - +0 buckler of Darkness {rElec}
rNeg     . . .     Faith    +   a - +0 hat
rPois    .         Spirit   .   m - amulet of faith
rElec    +         Reflect  .   v - ring of protection from magic
rCorr    .         Harm     .   (no ring)
MR       +....                  (no ring)
Stlth    ++++......             (no ring)
HPRegen  0.17/turn              (no ring)
MPRegen  0.15/turn              (no ring)
                                (no ring)
                                (no ring)

@: mighty, about to teleport, very slightly contaminated, hasted, lightly
drained, very quick
A: almost no armour, stealthy swim, amphibious, 8 rings, constrict 8, camouflage
1, gelatinous body 1
a: Channel Magic, Renounce Religion


You were on level 5 of the Dungeon.
You worshipped Sif Muna.
Sif Muna was aware of your devotion.
You were very hungry.

You visited 1 branch of the dungeon, and saw 6 of its levels.

You collected 312 gold pieces.
You spent 185 gold pieces at shops.

Inventory:

Hand Weapons
 g - a +3 dagger (weapon)
 i - a +0 mace
 j - a +0 dagger
Missiles
 h - 68 poisoned darts (quivered)
 k - 58 sling bullets
 p - 55 arrows
 s - a throwing net
Armour
 a - a +0 hat (worn)
 r - the +0 buckler of Darkness (worn) {rElec}
   (You bought it in a shop on level 4 of the Dungeon)

   It insulates you from electricity.
Jewellery
 m - an amulet of faith (around mantle)
 v - a ring of protection from magic (left tentacle)
 z - a +4 ring of intelligence {unknown}
Wands
 y - a wand of flame (8)
Scrolls
 b - a scroll of vulnerability
 d - 4 scrolls of remove curse
 e - a scroll of fear {unknown}
 l - a scroll of amnesia
 o - 4 scrolls of teleportation
 q - a scroll of identify
 w - a scroll of enchant armour {unknown}
Potions
 f - 2 potions of cancellation
 u - a potion of haste
Comestibles
 c - 13 rations


   Skills:
 * Level 3.4(3.2) Fighting
 + Level 2.9(2.7) Short Blades
 + Level 0.2(0.0) Maces & Flails
 + Level 3.7(3.5) Dodging
 + Level 6.4(6.2) Stealth
 * Level 1.8(1.6) Shields
 * Level 5.7(5.5) Spellcasting
 * Level 2.9(2.7) Conjurations
 + Level 2.0(1.8) Summonings
 + Level 1.6(1.4) Translocations
 + Level 0.2(0.0) Fire Magic
 + Level 1.5(1.3) Air Magic
 + Level 2.2(2.0) Poison Magic
 + Level 0.4(0.2) Evocations


You had 7 spell levels left.
You knew the following spells:

 Your Spells              Type           Power        Failure   Level  Hunger
a - Magic Dart            Conj           ###.         4%          1    None
b - Blink                 Tloc           N/A          12%         2    None
c - Call Imp              Summ           ##......     10%         2    None
d - Conjure Flame         Conj/Fire      ##......     26%         3    ##.....
e - Mephitic Cloud        Conj/Pois/Air  ##......     19%         3    ##.....

Your spell library contained the following spells:

 Spells                   Type           Power        Failure   Level  Hunger
 Beastly Appendage        Tmut           #.....       14%         1    None
 Slow                     Hex            #.......     22%         2    None


Dungeon Overview and Level Annotations

Branches:
Dungeon (6/15)             Temple (0/1) D:5

Altars:
Hepliaklqana
Sif Muna
Trog
Wu Jian
Beogh

Shops:
D:4 [

Annotations:
D:5 Dowan; Duvessa; Eustachio; Menkaure
D:6 3 runed translucent doors, skelma's ghost, novice GrVM


Innate Abilities, Weirdness & Mutations

You cannot wear most types of armour.
You are very stealthy in the water. (Stealth+)
You are amphibious.
You can wear up to eight rings at the same time.
You can use your tentacles to constrict eight enemies at once.
Your skin changes colour to match your surroundings (Stealth+).
Your rubbery body absorbs attacks. (AC +1, EV +1)


Message History

Aim: a hobgoblin, wearing a +0 animal skin and quivering 17 stones You create a blast of flame!
The now-empty wand crumbles to dust.
The gnoll throws a stone.
The stone hits you.
* * * LOW HITPOINT WARNING * * *
The hobgoblin is engulfed in blazing flames.
You kill the hobgoblin!
Sif Muna accepts your kill.
Okay, then.
You feel very mighty all of a sudden.
The kobold is engulfed in blazing flames.
You kill the kobold!
Sif Muna accepts your kill.
The worker ant waves its antennae.
Casting: Magic Dart (safe; 4% risk of failure)
Confirm with . or Enter, or press ? or * to list all spells.
You blink.
Menkaure shouts!
The goblin throws a stone.
The stone closely misses you.
The gnoll throws a stone.
The stone hits you.
You die...

. ####.........†...#.........
#..............l.#..⌠...⌠.. #
#....(.....g.......g.......
#.#.....M........###.((......
##.....(...........###.##.##.#
#.....g..####.g....##.......
.......(.# ##.g.......### ###
.........###.a..#.####
..........##M...@.#
...#......g(§§.####
.(##.###.##.§§## .. ##
#####§## . #.# #.. ####


You could see Menkaure, an iguana (confused), a worker ant, 2 gnolls, a
hobgoblin and a goblin.

Vanquished Creatures
  Pikel (D:4)
  Edmund (D:4)
  2 slaves (D:4)
  A black bear (D:4)
  An ogre (D:6)
  A centaur (D:6)
  A bullfrog (D:6)
  2 hounds
  4 orc wizards (D:4)
  A bullfrog skeleton (D:6)
  Ijyb (D:6)
  An iguana (D:4)
  5 worker ants
  A howler monkey zombie (D:6)
  3 gnolls
  3 adders
  2 oozes
  3 worms
  A dart slug (D:3)
  2 leopard geckos
  13 orcs
  6 bats
  16 giant cockroaches
  5 goblins
  13 hobgoblins
  2 jackals (D:4)
  6 kobolds
  7 quokkas
  A ball python (D:4)
  A ball python skeleton (D:3)
  4 frilled lizards
  A jackal skeleton (D:5)
  A leopard gecko skeleton (D:6)
  A leopard gecko zombie (D:3)
  4 rats
118 creatures vanquished.

Vanquished Creatures (collateral kills)
  An orc wizard (D:3)
  2 gnolls (D:2)
  2 adders (D:3)
  An orc (D:4)
  A goblin (D:3)
7 creatures vanquished.

Vanquished Creatures (others)
  Sigmund (D:4)
  A slave (D:4)
  An orc wizard (D:3)
  An ooze (D:4)
  A leopard gecko (D:4)
  3 orcs (D:4)
  3 toadstools (D:3)
11 creatures vanquished.

Grand Total: 136 creatures vanquished

Notes
Turn   | Place    | Note
-------+----------+-------------------------------------------
     0 | D:1      | Conn the Octopode Wizard began the quest for the Orb.
     0 | D:1      | Reached XP level 1. HP: 11/11 MP: 4/4
   410 | D:1      | Reached XP level 2. HP: 17/17 MP: 3/6
   765 | D:1      | Learned a level 2 spell: Blink
   768 | D:1      | Learned a level 2 spell: Call Imp
   836 | D:2      | Reached XP level 3. HP: 16/21 MP: 4/8
   884 | D:2      | Found a bloodstained altar of Trog.
   890 | D:2      | Reached skill level 3 in Stealth
  1090 | D:2      | Reached XP level 4. HP: 24/27 MP: 0/9
  1171 | D:2      | Learned a level 3 spell: Conjure Flame
  1520 | D:3      | Reached skill level 1 in Short Blades
  1569 | D:3      | Found a hazy altar of Hepliaklqana.
  1818 | D:3      | Reached skill level 4 in Stealth
  2137 | D:3      | Reached XP level 5. HP: 20/31 MP: 10/10
  2648 | D:3      | Found an ornate altar of the Wu Jian Council.
  2957 | D:3      | Found a faded altar of an unknown god.
  3231 | D:3      | Reached skill level 1 in Fighting
  3339 | D:3      | Learned a level 3 spell: Mephitic Cloud
  3543 | D:4      | Reached XP level 6. HP: 38/38 MP: 6/12
  3577 | D:4      | Reached skill level 5 in Stealth
  3630 | D:4      | Noticed Pikel
  3633 | D:4      | Noticed a slave
  3638 | D:4      | Noticed Sigmund
  3639 | D:4      | Noticed a slave
  3657 | D:4      | Reached skill level 1 in Poison Magic
  3657 | D:4      | Killed a slave
  3658 | D:4      | Noticed a slave
  3666 | D:4      | Noticed a black bear
  3697 | D:4      | Killed a black bear
  3698 | D:4      | Killed Pikel
  3698 | D:4      | Reached skill level 5 in Spellcasting
  3698 | D:4      | Reached XP level 7. HP: 10/44 MP: 6/14
  4046 | D:4      | Killed Sigmund
  4053 | D:4      | Reached XP level 8. HP: 25/51 MP: 0/15
  4294 | D:4      | Found Ecutty's Armour Shoppe.
  4310 | D:4      | Bought the +0 buckler of Darkness {rElec} for 185 gold
                  | pieces
  4393 | D:4      | Noticed Edmund
  4410 | D:4      | Killed Edmund
  4677 | D:4      | Found a shimmering blue altar of Sif Muna.
  4681 | D:4      | Became a worshipper of Sif Muna the Loreminder
  4692 | D:4      | Identified Sif Muna's Handbook of Transmigration
  4725 | D:5      | Entered Level 5 of the Dungeon
  4741 | D:5      | Reached skill level 1 in Air Magic
  4745 | D:5      | Noticed Ijyb
  4748 | D:5      | Reached skill level 6 in Stealth
  4752 | D:5      | Noticed Eustachio
  5014 | D:6      | Reached skill level 1 in Shields
  5416 | D:6      | Found a runed translucent gate.
  5417 | D:6      | Noticed skelma's ghost (novice GrVM)
  5419 | D:6      | Reached * piety under Sif Muna
  5426 | D:6      | Found a runed translucent gate.
  5509 | D:6      | Found a runed translucent gate.
  5515 | D:6      | Found a roughly hewn altar of Beogh.
  5579 | D:5      | Noticed Dowan
  5579 | D:5      | Noticed Duvessa
  5598 | D:6      | Killed Ijyb
  5847 | D:5      | Noticed Menkaure
  5849 | D:5      | Found a staircase to the Ecumenical Temple.
  5878 | D:5      | HP: 1/52 [gnoll/stone (2)]
  5881 | D:5      | Hit by a stone thrown by a gnoll

Levels and vault maps discovered:
D:1:      beargit_arrival_greenhouse, layout_loops_ring
D:2:      layout_rooms, old_standard_altar
D:3:      minmay_roachtagon, layout_loops_ring, overflow_temple_1_default,
          lemuel_round_altar, chequers_ecumenical_altar_lobes,
          minmay_gold_behind_fungi, minmay_divided_ellipse
D:4:      layout_cave_pools, led_sif_book, serial_shops, shop, uniq_sigmund,
          uniq_pikel, uniq_edmund
D:5:      layout_cave_pools, grunt_dithmenos_shadows,
          chequers_temple_overflow_minitemple, minmay_temple_entry_large_hall,
          first_ration, trog_hazing_becter, uniq_blork_the_orc, uniq_duvessa,
          uniq_ijyb, uniq_menkaure, uniq_eustachio
D:6:      layout_basic, biasface_ghost_orc_armoury, small_statue_intersection

Skill      XL: |  1  2  3  4  5  6  7  8 |
---------------+-------------------------+-----
Stealth        | 3 4 5 6 |  6.4
Short Blades   | 1 2 |  2.9
Spellcasting   | 4 5 |  5.7
Fighting       | 1 2 3 |  3.4
Poison Magic   | 1 2 |  2.2
Dodging        | 3 |  3.7
Conjurations   | 2 |  2.9
Summonings     | 2 |  2.0
Air Magic      | 1 |  1.5
Shields        | 1 |  1.8
Maces & Flails | |  0.2
Translocations | |  1.6
Fire Magic     | |  0.2
Evocations     | |  0.4

Action                   |  1- 3 |  4- 6 |  7- 9 || total
-------------------------+-------+-------+-------++-------
Melee: Dagger            |    26 |   163 |   101 ||   290
       Constrict         |     8 |    36 |    22 ||    66
       Mace              |     3 |       |       ||     3
       Tentacles         |     2 |    18 |    16 ||    36
 Cast: Magic Dart        |    23 |    48 |    23 ||    94
       Call Imp          |     2 |     7 |     2 ||    11
       Conjure Flame     |       |     2 |       ||     2
       Mephitic Cloud    |       |     5 |    15 ||    20
       Blink             |       |     3 |    11 ||    14
Evoke: Wand              |       |     1 |     3 ||     4
  Use: Scroll            |     1 |       |     3 ||     4
       Potion            |       |     8 |     4 ||    12
 Stab: Sleeping          |     6 |     9 |     4 ||    19
       Confused          |       |       |     4 ||     4
  Eat: Chunk             |       |     9 |     7 ||    16
Armor: Skin              |       |    33 |     7 ||    40
Dodge: Dodged            |    16 |    85 |    83 ||   184
Block: Buckler           |       |       |    11 ||    11

Table legend:
 A = Non-vault XP
 B = Vault XP
 C = Vault XP percentage of total XP
 D = Non-vault monster count
 E = Vault monster count
 F = Vault count percentage of total count
                 A         B        C        D         E       F
            +---------+---------+-------+---------+---------+-------
      Total |    1093 |     999 |  47.8 |      94 |      31 |  24.8
            +---------+---------+-------+---------+---------+-------
        D:1 |      17 |       0 |   0.0 |      10 |       0 |   0.0
        D:2 |      80 |       0 |   0.0 |      16 |       0 |   0.0
        D:3 |      94 |      61 |  39.4 |      29 |      23 |  44.2
        D:4 |     333 |     897 |  72.9 |      20 |       5 |  20.0
        D:5 |      63 |       3 |   4.5 |       7 |       2 |  22.2
        D:6 |     506 |      38 |   7.0 |      12 |       1 |   7.7
            +---------+---------+-------+---------+---------+-------
